 Dungeon Crawl Stone Soup version 0.28-a0-1510-gd0f6b136d3 (webtiles) character file.

Game seed: 4588543569272716268

12 HallandMoats the Skirmisher (level 2, 0/26 HPs)
             Began as a Ghoul Fighter on Jan 14, 2022.
             Slain by a frilled lizard (3 damage)
             ... on level 1 of the Dungeon.
             The game lasted 00:00:25 (385 turns).

HallandMoats the Skirmisher (Ghoul Fighter)          Turns: 385, Time: 00:00:26

Health: 0/26       AC:  6    Str: 19    XL:     2   Next: 33%
Magic:  1/1        EV:  9    Int:  3    God:
Gold:   26         SH:  4    Dex:  8    Spells: 1/1 levels left

rFire   . . .      SeeInvis .   a - +0 long sword
rCold   + . .      Faith    .   c - +0 buckler
rNeg    + + +      Spirit   .   b - +0 scale mail
rPois   ∞          Reflect  .   (no helmet)
rElec   .          Harm     .   (no cloak)
rCorr   .          Rampage  .   (no gloves)
Will    .....                   (no boots)
Stlth   ..........              (no amulet)
HPRegen 0.00/turn               (no ring)
MPRegen 0.07/turn               (no ring)

@: inhibited regen
A: claws 1, cold resistance 1, negative energy resistance 3, inhibited
regeneration, torment resistance 2
a: no special abilities


You were on level 1 of the Dungeon.
You visited 1 branch of the dungeon, and saw 1 of its levels.

You collected 26 gold pieces.

Inventory:

Hand Weapons
 a - a +0 long sword (weapon)
Armour
 b - a +0 scale mail (worn)
 c - a +0 buckler (worn)
Potions
 d - a potion of might
 e - a potion of curing {unknown}


   Skills:
 * Level 3.5 Fighting
 * Level 2.0 Long Blades
 + Level 2.7 Armour
 + Level 0.2 Dodging
 * Level 2.9 Shields


You had one spell level left.
You didn't know any spells.
Your spell library was empty.

Dungeon Overview and Level Annotations

Branches:
Dungeon (1/15)

Altars:


Innate Abilities, Weirdness & Mutations

You thrive by killing the living.
You are immune to poison.
You have sharp fingernails.
Your flesh is cold resistant. (rC+)
You are immune to negative energy. (rN+++)
You do not regenerate when monsters are visible.
You are immune to unholy pain and torment.


Message History

You feel better.
A goblin comes into view. It is wielding a +0 club.
The goblin shouts!
You hear a shout!
A goblin is nearby!
A goblin is nearby!
A goblin is nearby!
A goblin is nearby!
You are too injured to fight recklessly!
You are too injured to fight recklessly!
You are too injured to fight recklessly!
You are too injured to fight recklessly!
You are too injured to fight recklessly!
A frilled lizard comes into view.
A rat comes into view.
A hobgoblin comes into view.
The goblin hits you with a +0 club.
* * * LOW HITPOINT WARNING * * *
The goblin hits you with a +0 club.
* * * LOW HITPOINT WARNING * * *
A ball python comes into view.
There is an open door here.
You slash the goblin!
You kill the goblin!
The rat bites you but does no damage.
There is an open door here.
Things that are here:
a +0 club; a goblin corpse You hit the rat but do no damage.
The rat bites you.
* * * LOW HITPOINT WARNING * * *
You barely miss the rat.
The frilled lizard bites you but does no damage.
You block the rat's attack. You block the frilled lizard's attack.
You closely miss the rat. The rat barely misses you.
The hobgoblin closely misses you. The frilled lizard closely misses you.
The rat bites you but does no damage.
You miss the frilled lizard. You block the frilled lizard's attack.
You closely miss the frilled lizard.
A quokka comes into view.
The frilled lizard bites you but does no damage.
You closely miss the frilled lizard. The frilled lizard bites you.
You die...

#..# ... .. #.# ########
#.. .......### ####.#
#......# #..... #.....g####
#.###. #(....rl@.# ######
#. #. #......##.###....# #.
#. #......#....#....###. ##
#.r....#...........#.####
....######....#.(..#.#.....
......# #....#....#.#.....
#......# #....#....#.##....
#......# #....######....###
#.S....# ###### ####.#


You could see a quokka, a hobgoblin, a frilled lizard and a rat.

Vanquished Creatures
  An endoplasm (D:1)
  3 giant cockroaches (D:1)
  A hobgoblin (D:1)
  A quokka (D:1)
  3 frilled lizards (D:1)
  2 goblins (D:1)
11 creatures vanquished.

Notes
Turn   | Place    | Note
-------+----------+-------------------------------------------
     0 | D:1      | HallandMoats the Ghoul Fighter began the quest for the Orb.
     0 | D:1      | Reached XP level 1. HP: 19/19 MP: 0/0
   206 | D:1      | Reached XP level 2. HP: 22/26 MP: 1/1
   385 | D:1      | Slain by a frilled lizard

Illustrated notes

Levels and vault maps discovered:
D:1:      dpeg_arrival_erosion, layout_basic

Skill      XL: |  1  2 |
---------------+-------+-----
Long Blades    | 2 |  2.0
Fighting       | |  3.5
Armour         | |  2.7
Dodging        | |  0.2
Shields        | |  2.9

Action                   || total
-------------------------++-------
Melee: Long sword        ||    56
Armor: Scale mail        ||    26
Dodge: Dodged            ||    35
Block: Buckler           ||    10

Table legend: (Time is in decaauts)
 A = Elapsed time spent in this place.
 B = Non-inter-level travel time spent in this place.
 C = Inter-level travel time spent in this place.
 D = Time resting spent in this place.
 E = Time spent auto-exploring this place.
 F = Levels seen in this place.
 G = Mean time per level.
                   A        B        C        D        E       F      G
               +--------+--------+--------+--------+--------+-----+--------+
         Total |    403 |    403 |      0 |      0 |    290 |   1 |  403.0 |
       Dungeon |    403 |    403 |      0 |      0 |    290 |   1 |  403.0 |
               +--------+--------+--------+--------+--------+-----+--------+

Top non-repeatable levels by time:
     D:1: 403 daAuts
